 Dungeon Crawl Stone Soup version 0.31-a0-189-ga26ba32dd1 (webtiles) character file.

Game seed: 7330234997565852752

47 qw the Shooter (level 3, -1/20 HPs)
             Began as a Deep Elf Hunter on June 23, 2023.
             Slain by a gnoll
             ... wielding a +0 halberd
              (3 damage)
             ... on level 2 of the Dungeon.
             The game lasted 00:00:25 (731 turns).

qw the Shooter (Deep Elf Hunter)                     Turns: 731, Time: 00:00:25

Health: -1/20      AC:  3    Str: 16    XL:     3   Next: 48%
Magic:  5/5        EV: 12    Int: 13    God:
Gold:   25         SH:  0    Dex: 18    Spells: 2/2 levels left

rFire   . . .        Y - +0 shortbow
rCold   . . .        (shield currently unavailable)
rNeg    . . .        c - +0 leather armour
rPois   .            (no helmet)
rElec   .            (no cloak)
rCorr   .            (no gloves)
SInv    .            (no boots)
Will    .....        (no amulet)
Stlth   ++           g - +6 ring of strength
HPRegen 0.23/turn    (no ring)
MPRegen 0.09/turn

%: no passive effects
@: no status effects
A: no striking features
a: no special abilities


You were on level 2 of the Dungeon.
You visited 1 branch of the dungeon, and saw 2 of its levels.

You collected 25 gold pieces.


   Skills:
 - Level 1.5 Fighting
 + Level 7.0 Ranged Weapons
 - Level 2.4 Dodging
 - Level 1.2 Stealth


You had 2 spell levels left.
You didn't know any spells.
Your spell library was empty.

Inventory:

Hand Weapons
 Y - a +0 shortbow (weapon)
Armour
 a - a +0 pair of gloves
 c - a +0 leather armour (worn)
Jewellery
 g - a +6 ring of strength (left hand)
Scrolls
 b - a scroll of identify {unknown}
 d - a scroll of fog {unknown}
Potions
 e - a potion of curing {unknown}
 h - a potion of attraction {unknown}

Dungeon Overview and Level Annotations

Branches:
Dungeon (2/15)

Altars:


Message History

Found a sling.
You see here a scroll of blinking.
d - a scroll labelled RAWEHI WO BEN
Enter note:
Enter note: A gnoll comes into view. It is wielding a +0 whip.
Enter note:
Enter note: You shoot an arrow.
The arrow hits the gnoll but does no damage.
The gnoll shouts!
You hear a shout!
You hear an angry hiss.
A gnoll comes into view. It is wielding a +0 halberd.
A gnoll comes into view. It is wielding a +0 club.
You shoot an arrow. The gnoll shouts!
The arrow hits the gnoll.
The gnoll is moderately wounded.
A gnoll comes into view. It is wielding a +0 club.
You shoot an arrow. The arrow hits the gnoll.
The gnoll is severely wounded.
You hear an angry hiss.
You shoot an arrow. The arrow barely misses the gnoll.
The arrow hits the gnoll!
The gnoll is heavily wounded.
You shoot an arrow. The arrow closely misses the gnoll.
You hear an angry hiss.
You shoot an arrow. The arrow closely misses the gnoll.
The gnoll hits you with a +0 whip!
You shoot an arrow. The arrow barely misses the gnoll.
A ball python comes into view.
The gnoll barely misses you. The gnoll misses you.
You shoot an arrow. The arrow hits the gnoll.
You kill the gnoll!
The gnoll hits you with a +0 club.
Your Ranged Weapons skill increases to level 7!
You shoot an arrow. The arrow barely misses the gnoll.
The gnoll misses you. The gnoll hits you with a +0 club.
You shoot an arrow. The arrow closely misses the gnoll.
The gnoll hits you from afar with a +0 halberd.
You die...

####### #.....# #.....#
#.....# #.....# #.....#
. ##### #.....## ... .
....# #......##....#
.## #..####.....@)gg..#
...###......#####g...##
.#..####..### .. ...##
.##.####....#.)# #..#
......##......# ..#
...##.##....### ...
...##..?....# ##.
...###........# ..
............#...


You could see 3 gnolls.

Vanquished Creatures
  A gnoll (D:2)
  3 dart slugs (D:1)
  3 ball pythons (D:1)
  3 bats (D:1)
  An endoplasm (D:1)
  A giant cockroach (D:1)
  6 goblins (D:1)
  2 hobgoblins (D:1)
  2 kobolds (D:1)
  2 quokkas (D:1)
  2 frilled lizards (D:1)
  2 rats
28 creatures vanquished.

Notes
Turn   | Place    | Note
-------+----------+-------------------------------------------
     0 | D:1      | qw the Deep Elf Hunter began the quest for the Orb.
     0 | D:1      | Reached XP level 1. HP: 12/12 MP: 3/3
     0 | D:1      | 0 ||| qw: Version: 0.3-a-9-g12657ce
     0 | D:1      | 0 ||| qw: Game counter: 4458
     0 | D:1      | 0 ||| qw: Always use a shield: true
     0 | D:1      | 0 ||| qw: God list: Okawaru
     0 | D:1      | 0 ||| qw: Allow faded altars: false
     0 | D:1      | 0 ||| qw: Do Orc after D:15 true
     0 | D:1      | 0 ||| qw: Do second Lair branch before Depths: true
     0 | D:1      | 0 ||| qw: Lair rune preference: random
     0 | D:1      | 0 ||| qw: Plans: Normal
     0 | D:1      | 0 ||| PLANNING D:1-11
   113 | D:1      | Reached skill level 6 in Ranged Weapons
   113 | D:1      | Reached XP level 2. HP: 16/16 MP: 4/4
   114 | D:1      | 114 ||| FLEEEEING.
   115 | D:1      | 115 ||| FLEEEEING.
   356 | D:1      | Reached XP level 3. HP: 15/20 MP: 5/5
   391 | D:1      | Found a faded altar of an unknown god.
   599 | D:1      | 599 ||| UPGRADING to +6 ring of strength.
   600 | D:1      | 600 ||| READING scroll labelled ZOONIHYKLA.
   601 | D:1      | 601 ||| READING scroll labelled WUKHIS OLUBUECK.
   640 | D:1      | 640 ||| READING 2 scrolls labelled XACZISTR XUASCH.
   641 | D:1      | 641 ||| DROPPING scroll of butterflies.
   642 | D:1      | 642 ||| DROPPING scroll of blinking.
   730 | D:2      | Reached skill level 7 in Ranged Weapons
   730 | D:2      | HP: 2/20 [gnoll/+0 club (5)]
   731 | D:2      | Slain by a gnoll

Levels and vault maps discovered:
D:1:      minmay_arrival_doors, layout_rooms,
          shapermc_ecumenical_altar_totnotflames
D:2:      layout_rooms

Skill      XL: |  1  2  3 |
---------------+----------+-----
Ranged Weapons | 6 7 |  7.0
Fighting       | |  1.5
Dodging        | |  2.4
Stealth        | |  1.2

Action                     || total
---------------------------++-------
   Fire: Shortbow          ||    85
    Use: Scroll            ||     3
 Armour: Leather armour    ||     2
  Dodge: Dodged            ||    13

Table legend:
 A = Non-vault XP
 B = Vault XP
 C = Vault XP percentage of total XP
 D = Non-vault monster count
 E = Vault monster count
 F = Vault count percentage of total count
                 A         B        C        D         E       F
            +---------+---------+-------+---------+---------+-------
      Total |      68 |       0 |   0.0 |      28 |       0 |   0.0
            +---------+---------+-------+---------+---------+-------
        D:1 |      53 |       0 |   0.0 |      26 |       0 |   0.0
        D:2 |      15 |       0 |   0.0 |       2 |       0 |   0.0
            +---------+---------+-------+---------+---------+-------
